 Dungeon Crawl Stone Soup version 0.23.2-33-g5129a83184 (console) character file.

Game seed: 3407093721669010441

116193 Demesne the Nimble (level 15, -9/134 HPs)
             Began as a Demigod Wanderer on July 20, 2019.
             Mangled by an ettin
             ... wielding a +1 dire flail of venom
              (25 damage)
             ... on level 1 of the Depths on July 23, 2019.
             The game lasted 03:10:47 (33419 turns).

Demesne the Nimble (Demigod Wanderer)              Turns: 33419, Time: 03:10:48

Health: -9/134     AC: 14    Str: 15    XL:     15   Next: 72%
Magic:  33/34      EV: 23    Int: 28    God:
Gold:   1737       SH:  0    Dex: 16    Spells: 10/34 levels left

rFire    + . .     SeeInvis +   b - +9 glaive "Vihed" {holy, rElec}
rCold    . . .     Gourm    .   (shield currently unavailable)
rNeg     + . .     Faith    .   t - +2 robe {rF+}
rPois    .         Spirit   .   O - +2 helmet {SInv}
rElec    +         Reflect  .   e - scarf {repulsion}
rCorr    .         Harm     .   h - +0 pair of gloves
MR       +....                  V - +2 pair of boots {run}
Stlth    ++++......             p - amulet of regeneration
HPRegen  0.72/turn              Z - ring "Funiharch" {rN+ Dex+3}
MPRegen  0.24/turn              j - +3 ring of protection

@: confusing touch, very slightly contaminated, repel missiles, quick
A: high mp 1
a: no special abilities


You were on level 1 of the Depths.
You were hungry.

You visited 7 branches of the dungeon, and saw 30 of its levels.
You also visited: Bailey and Volcano.

You collected 2965 gold pieces.
You spent 1228 gold pieces at shops.

Inventory:

Hand Weapons
 a - a +2 rapier of venom
 b - the +9 glaive "Vihed" (weapon) {holy, rElec}
   (You found it on level 7 of the Dungeon)

   It has been blessed by the Shining One to cause great damage to the undead
   and demons.
   It insulates you from electricity.
 s - a +0 blowgun
Missiles
 i - 8 curare-tipped needles
 o - 180 poisoned needles
 F - 15 tomahawks of returning (quivered)
 G - 6 throwing nets
Armour
 e - a scarf of repulsion (worn)
 h - a +0 pair of gloves (worn)
 k - a +2 cloak
 t - a +2 robe of fire resistance (worn)
 O - a +2 helmet of see invisible (worn)
 R - a +0 robe of magic resistance
 V - a +2 pair of boots of running (worn)
Jewellery
 j - a +3 ring of protection (right hand)
 n - a +3 ring of intelligence
 p - an amulet of regeneration (around neck)
 r - an uncursed ring of positive energy
 w - an uncursed ring of resist corrosion
 y - an uncursed amulet of rage
 E - an uncursed ring of protection from fire
 Z - the ring "Funiharch" (left hand) {rN+ Dex+3}
   (You acquired it on level 14 of the Dungeon)

   [ring of positive energy]

   It affects your dexterity (+3).
   It protects you from negative energy.
Wands
 g - a wand of disintegration (16)
 v - a wand of scattershot (2)
 C - a wand of paralysis (2)
 P - a wand of flame (28)
 Q - a wand of digging (6)
 S - a wand of random effects (16)
 U - a wand of iceblast (26)
 W - a wand of acid (6)
Scrolls
 l - 4 scrolls of magic mapping
 q - 12 scrolls of identify
 u - 9 scrolls of remove curse
 B - a scroll of enchant armour
 J - a scroll of fear
 K - a scroll of vulnerability {unknown}
 N - 2 scrolls of silence
 T - 4 scrolls of teleportation
 Y - a scroll of fog
Potions
 c - 2 potions of heal wounds
 d - a potion of ambrosia
 m - 2 potions of flight
 x - 2 potions of berserk rage
 z - 3 potions of might
 A - 2 potions of lignification
 D - 3 potions of magic
 H - 7 potions of curing
 I - a potion of cancellation
 L - 3 potions of agility
 M - a potion of resistance
 X - 3 potions of haste
Comestibles
 f - 35 rations


   Skills:
 * Level 12.9 Fighting
 - Level 7.3 Short Blades
   Level 1.0(1.5) Maces & Flails
 - Level 5.0(5.1) Polearms
   Level 1.7(3.7) Staves
 - Level 3.2 Throwing
 - Level 1.7 Armour
 - Level 13.8 Dodging
 - Level 8.0 Stealth
 - Level 10.2 Spellcasting
 - Level 0.6 Conjurations
 - Level 10.0 Hexes
 - Level 1.2 Charms
 - Level 2.2 Necromancy
 - Level 4.0 Transmutations
 * Level 1.4 Air Magic
 - Level 1.1 Evocations


You had 10 spell levels left.
You knew the following spells:

 Your Spells              Type           Power        Failure   Level  Hunger
a - Confusing Touch       Hex            ######       1%          1    None
b - Ice Form              Ice/Tmut       ####....     17%         4    None
c - Summon Butterflies    Summ           ##......     4%          1    None
d - Regeneration          Chrm/Necr      ###.......   6%          3    None
e - Conjure Flame         Conj/Fire      ###.....     10%         3    None
f - Invisibility          Hex            ######..     10%         6    #####..
g - Deflect Missiles      Chrm/Air       ###.......   98%         6    #####..

Your spell library contained the following spells:

 Spells                   Type           Power        Failure   Level  Hunger
 Animate Skeleton         Necr           N/A          1%          1    None
 Beastly Appendage        Tmut           #####.       1%          1    None
 Corona                   Hex            ######.      1%          1    None
 Pain                     Necr           ####         1%          1    None
 Ensorcelled Hibernation  Hex/Ice        #####.       1%          2    None
 Slow                     Hex            ######..     1%          2    None
 Sticks to Snakes         Tmut           #####...     1%          2    None
 Confuse                  Hex            ######..     1%          3    None
 Dazzling Spray           Conj/Hex       #####.       1%          3    None
 Inner Flame              Hex/Fire       #####...     1%          3    None
 Portal Projectile        Hex/Tloc       #####.       1%          3    None
 Tukima's Dance           Hex            ######..     1%          3    None
 Cause Fear               Hex            ######....   1%          4    None
 Corpse Rot               Necr           N/A          2%          2    None
 Passwall                 Tmut/Erth      ####....     2%          2    None
 Sublimation of Blood     Necr           ####......   2%          2    None
 Magic Dart               Conj           ###.         3%          1    None
 Apportation              Tloc           ##....       4%          1    None
 Poisonous Vapours        Pois/Air       ###...       4%          2    None
 Searing Ray              Conj           ###...       4%          2    None
 Spider Form              Tmut/Pois      ####......   4%          3    None
 Vampiric Draining        Necr           ####......   4%          3    None
 Fulminant Prism          Conj/Hex       #####.....   4%          4    None
 Leda's Liquefaction      Hex/Erth       #####.....   4%          4    None
 Yara's Violent Unravell  Hex/Tmut       ######....   6%          5    ###....
 Mephitic Cloud           Conj/Pois/Air  ###.....     9%          3    None
 Silence                  Hex/Air        #####.....   11%         5    ###....
 Gell's Gravitas          Tloc           ##........   12%         3    None
 Lesser Beckoning         Tloc           ##........   12%         3    None
 Metabolic Englaciation   Hex/Ice        #####.....   14%         5    ###....
 Animate Dead             Necr           N/A          16%         4    None
 Petrify                  Tmut/Erth      ####....     17%         4    None
 Blade Hands              Tmut           #####.....   21%         5    ###....
 Summon Lightning Spire   Summ/Air       ###.....     28%         4    None
 Iskenderun's Mystic Bla  Conj           ###.....     30%         4    None
 Force Lance              Conj/Tloc      ###.....     34%         4    None
 Agony                    Necr           ####....     41%         5    ###....
 Dispel Undead            Necr           ####....     41%         5    ###....
 Alistair's Intoxication  Tmut/Pois      ####....     43%         5    ###....
 Excruciating Wounds      Chrm/Necr      ###.......   47%         5    ###....
 Bolt of Draining         Conj/Necr      ###.......   52%         5    ###....
 Conjure Ball Lightning   Conj/Air       ###.......   98%         6    #####..
 Freezing Cloud           Conj/Ice/Air   ###.......   99%         6    #####..
 Haunt                    Necr/Summ      ###.......   100%        7    ######.
 Ring of Flames           Chrm/Fire      ###.......   100%        7    ######.
 Borgnjor's Revivificati  Necr           ####......   100%        8    #######
 Death's Door             Chrm/Necr      ###.......   100%        8    #######
 Infestation              Necr           ####......   100%        8    #######
 Necromutation            Tmut/Necr      ####......   100%        8    #######
 Tornado                  Air            ###.......   100%        9    #######


Dungeon Overview and Level Annotations

Branches:
Dungeon (15/15)            Temple (0/1) D:7            Lair (6/6) D:9
 Shoals (3/4) Lair:2        Snake (2/4) Lair:2        Slime (0/5) Lair:6
    Orc (2/2) D:9             Elf (1/3) Orc:2        Vaults (0/5) D:14
 Depths (1/5) D:15

Shops:
D:6 [   D:7 :   D:8 :   D:10 *   Orc:1 }   Orc:2 *[!%:   Snake:2 *!

Portals:
Hell: Depths:1

Annotations:
D:8 2 transporters, exclusions: door and manticore, bmj180's ghost, novice GrEE
D:9 1 runed translucent door, Statics's ghost, novice OpFi
D:10 3 runed translucent doors, t4s4d4r's ghost, novice OgIE
D:13 exclusion: downstairs
D:14 exclusion: downstairs, Rupert
Lair:3 1 runed translucent door, Rokoch's ghost, journeyman HOWn
Lair:5 1 exclusion
Shoals:2 exclusion: downstairs
Shoals:3 Ilsuiw


Innate Abilities, Weirdness & Mutations

You have an increased reservoir of magic. (+10% MP)


Message History

Okay, then.
You feel very sick.
You feel very sick.
You feel very sick.
You feel very sick.
Your skin stops crawling.
* * * LOW HITPOINT WARNING * * *
You feel very sick.
Unknown command.
* * * LOW HITPOINT WARNING * * *
You feel sick.
You feel better.
The ettin hits you with a +1 dire flail of venom!!
You die...

#..# #.### ###..#
#...# ###....#
#...# ##......#
#.### ##...#####
#.# ##..### #.#
##...## #.###
##....C## #...#
#...#..@######
#.###
##..###.......##
#.# #..##
##.......## #.#
#..#
#...##...#####.###
#..#
#..####..........#
#..# #..#
#........### #..#
#... #...#####.#
#..## #.......##
#.# #.###..#
.......## #.#


You could see an ettin.

Vanquished Creatures
  Louise (Shoals:1)
  An orc warlord (Bailey)
  A stone giant (Depths:1)
  A red draconian (Volcano)
  A vault guard (D:14)
  2 hydras
  Harold (D:7)
  A catoblepas (Lair:5)
  2 merfolk aquamancers
  3 centaur warriors
  2 merfolk avatars
  3 anacondas
  3 satyrs
  A tengu warrior (Depths:1)
  An ogre mage (Volcano)
  7 two-headed ogres
  5 orc high priests (Orc:2)
  A deep elf knight (D:14)
  3 naga sharpshooters (Snake:1)
  4 shock serpents
  6 sea snakes
  An unseen horror (D:11)
  A glowing orange brain (Shoals:1)
  A lindwurm (Lair:3)
  2 naga ritualists
  A harpy (shapeshifter) (D:14)
  Pikel (D:5)
  A wolf spider zombie (D:15)
  2 wolf spiders
  11 harpies (Shoals:1)
  5 mana vipers
  An orc sorcerer (Orc:2)
  A deep elf mage (D:8)
  7 ugly things
  3 cyclopes
  5 fauns
  5 manticores
  3 salamanders
  7 elephants
  5 merfolk sirens
  4 water nymphs
  5 spiny frogs
  2 molten gargoyles (Volcano)
  21 black mambas
  8 naga magi
  A gargoyle (D:8)
  A rime drake (Lair:4)
  A spiny frog (shapeshifter) (D:13)
  3 komodo dragons
  3 yaktaurs (D:14)
  A tengu conjurer (D:14)
  6 polar bears
  13 merfolk
  8 trolls
  2 wind drakes
  5 hornets
  6 dream sheep
  7 blink frogs
  3 hippogriffs
  5 snapping turtles
  A blink frog (shapeshifter) (D:15)
  2 meliai zombies
  9 slime creatures
  15 spriggans
  A shadow (D:12)
  6 wyverns
  25 yaks
  A centaur simulacrum (D:14)
  A vampire (D:15)
  Eustachio (D:5)
  2 fire bats (Volcano)
  20 humans (D:14)
  4 water elementals
  A wraith (D:15)
  6 basilisks
  A golden eye (shapeshifter) (Depths:1)
  A steam dragon (D:15)
  A hungry ghost (D:14)
  17 nagas
  5 vampire mosquitoes
  Menkaure (D:5)
  A warg (Orc:2)
  2 soldier ants
  11 water moccasins
  3 porcupines
  22 orc warriors
  4 sky beasts
  A swamp drake (D:9)
  4 ice beasts
  3 slaves
  An ice dragon simulacrum (Depths:1)
  9 ogres
  2 necrophages (D:13)
  4 black bears (Lair:6)
  21 wolves (Lair:6)
  2 phantoms
  7 boggarts
  8 centaurs
  3 crocodiles
  2 big kobolds
  16 bullfrogs
  A gnoll sergeant (Orc:1)
  2 wyvern skeletons
  3 scorpions
  9 wights
  8 killer bees
  7 howler monkeys
  5 lava snakes (Volcano)
  2 crimson imps
  A bullfrog zombie (D:9)
  3 hounds
  8 centaur zombies
  5 jellies
  28 orc priests
  2 bullfrog skeletons
  2 centaur skeletons
  6 iguanas
  Crazy Yiuf (D:6)
  7 hell rats (Lair:5)
  26 orc wizards
  11 worker ants
  A hound skeleton (D:10)
  2 worker ant zombies (D:7)
  8 gnolls
  A howler monkey zombie (D:6)
  7 adders
  2 shadow imps
  An ooze (D:3)
  An adder skeleton (D:5)
  3 worms
  3 dart slugs
  5 leopard geckos
  71 orcs
  8 bats
  A giant cockroach (D:1)
  13 hobgoblins
  7 jackals
  33 kobolds
  5 quokkas
  2 ball pythons
  4 frilled lizards
  5 goblins
  A quokka zombie (D:10)
  16 rats
  A plant (Shoals:3)
803 creatures vanquished.

Vanquished Creatures (collateral kills)
  A black mamba (Lair:5)
  A polar bear (Lair:5)
  A hornet (Lair:6)
  A spriggan (Lair:6)
  A worker ant (D:13)
  A fungus (Lair:6)
6 creatures vanquished.

Vanquished Creatures (others)
  A dream sheep (Lair:5)
  A snapping turtle (Shoals:1)
  An orc warrior (Orc:2)
  An orc wizard (Orc:2)
  An orc (Orc:2)
  7 fungi
  4 plants
  33 tentacles (Shoals:3)
49 creatures vanquished.

Grand Total: 858 creatures vanquished

Notes
Turn   | Place    | Note
-------+----------+-------------------------------------------
     0 | D:1      | Demesne the Demigod Wanderer began the quest for the Orb.
     0 | D:1      | Demesne set off with the following items: a +0 club, a
                  | potion of lignification, a potion of curing, a +2 leather
                  | armour, a +0 dagger, a ration
     0 | D:1      | Reached XP level 1. HP: 17/17 MP: 3/3
   314 | D:1      | Reached XP level 2. HP: 24/25 MP: 5/5
   705 | D:1      | Reached skill level 1 in Maces & Flails
  1048 | D:2      | Reached XP level 3. HP: 15/31 MP: 6/6
  1743 | D:2      | Learned a level 1 spell: Confusing Touch
  1863 | D:2      | Found a stormy altar of Qazlal.
  2052 | D:3      | Reached XP level 4. HP: 20/40 MP: 7/7
  2547 | D:3      | Reached skill level 1 in Spellcasting
  2547 | D:3      | Reached skill level 1 in Hexes
  2791 | D:4      | Found a shadowy altar of Dithmenos.
  2802 | D:4      | Reached XP level 5. HP: 46/46 MP: 9/9
  3104 | D:5      | Entered Level 5 of the Dungeon
  3104 | D:5      | Noticed Menkaure
  3177 | D:5      | Noticed Eustachio
  3309 | D:5      | Killed Eustachio
  3309 | D:5      | Reached skill level 1 in Staves
  3309 | D:5      | Reached XP level 6. HP: 19/52 MP: 12/12
  3446 | D:5      | Found a burning altar of Makhleb.
  3556 | D:5      | Noticed Pikel
  3702 | D:5      | Reached skill level 1 in Short Blades
  3808 | D:6      | Found an ornate altar of the Wu Jian Council.
  3980 | D:6      | Reached XP level 7. HP: 51/59 MP: 12/14
  4096 | D:7      | Found Verchuadu's Book Emporium.
  4140 | D:7      | Found a flagged portal.
  4160 | Bailey   | Entered a bailey
  4165 | Bailey   | Noticed an orc warlord
  4503 | Bailey   | Found a runed translucent gate.
  4505 | Bailey   | Found a runed translucent gate.
  4506 | Bailey   | Found a runed translucent gate.
  4935 | Bailey   | Killed an orc warlord
  4935 | Bailey   | Reached XP level 8. HP: 32/66 MP: 15/15
  5410 | D:6      | Found a hazy altar of Hepliaklqana.
  5410 | D:6      | Found a snail-covered altar of Cheibriados.
  5466 | D:6      | Reached XP level 9. HP: 26/73 MP: 16/16
  5467 | D:6      | Reached skill level 5 in Fighting
  5588 | D:6      | Found Dyabikif's Antique Armour Emporium.
  5592 | D:6      | Bought a glowing helmet for 172 gold pieces
  6010 | D:6      | Found a runed translucent door.
  6011 | D:6      | Noticed Crazy Yiuf
  6464 | D:7      | Reached skill level 3 in Dodging
  6495 | D:7      | Got a polished glaive
  6500 | D:7      | Identified the +9 glaive "Vihed" {holy, rElec} (You found
                  | it on level 7 of the Dungeon)
  6524 | D:7      | Found a staircase to the Ecumenical Temple.
  6668 | D:7      | Noticed Harold
  6868 | D:7      | Killed Harold
  6868 | D:7      | Reached skill level 6 in Dodging
  6888 | D:7      | Found a glowing silver altar of Zin.
  6997 | D:8      | Found a transporter.
  7000 | D:8      | Noticed an orc knight
  7001 | D:8      | Found a transporter.
  7001 | D:8      | Noticed bmj180's ghost (novice GrEE)
  7036 | D:8      | Noticed a manticore
  7202 | D:8      | Noticed a gargoyle
  7229 | D:8      | Killed a gargoyle
  7229 | D:8      | Reached skill level 1 in Polearms
  7229 | D:8      | Reached skill level 7 in Dodging
  7231 | D:8      | Noticed a deep elf mage
  7524 | D:8      | Noticed a manticore
  7746 | D:6      | Reached XP level 10. HP: 83/83 MP: 18/18
  7839 | D:6      | Killed Crazy Yiuf
  7922 | D:5      | Killed Menkaure
  7949 | D:5      | Killed Pikel
  8301 | D:8      | Found Poroduon's Book Shop.
  8412 | D:8      | Killed a deep elf mage
  8558 | D:9      | Reached skill level 5 in Polearms
  8630 | D:9      | Found a runed translucent door.
  8632 | D:9      | Found a shimmering altar of Xom.
  8632 | D:9      | Noticed Statics's ghost (novice OpFi)
  8636 | D:9      | Noticed a +1 trident of chaos
  8662 | D:9      | Found a staircase to the Orcish Mines.
  8871 | D:9      | Reached skill level 8 in Dodging
  9036 | D:10     | Entered Level 10 of the Dungeon
  9578 | D:10     | Noticed t4s4d4r's ghost (novice OgIE)
  9578 | D:10     | Identified the +1 chain mail of Circular Logic {rCorr}
  9579 | D:10     | Found a runed translucent gate.
  9579 | D:10     | Found a runed translucent gate.
  9579 | D:10     | Found a runed translucent gate.
  9580 | D:10     | Found a roughly hewn altar of Beogh.
  9581 | D:10     | Found the +4 robe of Augmentation {Str+4 Int+4 Dex+4}
  9652 | D:10     | Paralysed by a hornet for 1 turns
  9706 | D:10     | Found Ryidacus's Assorted Antiques.
  9737 | D:10     | Bought a runed scarf for 184 gold pieces
 10124 | D:11     | Reached skill level 5 in Stealth
 10450 | D:11     | Noticed a red ugly thing
 10562 | D:11     | Reached XP level 11. HP: 80/89 MP: 20/22
 10579 | D:11     | Noticed a centaur warrior
 10716 | D:9      | Reached skill level 5 in Spellcasting
 10727 | D:9      | Learned a level 4 spell: Ice Form
 10893 | D:9      | Found a staircase to the Lair.
 11205 | Lair:1   | Entered Level 1 of the Lair of Beasts
 11263 | Lair:1   | Reached skill level 1 in Transmutations
 11489 | Lair:1   | Identified the Papyrus of the Poisonous Mountains
 11966 | Lair:2   | Found a staircase to the Snake Pit.
 12079 | Lair:2   | Noticed a four-headed hydra
 12104 | Lair:2   | Found a staircase to the Shoals.
 12504 | Lair:3   | Found a hazy altar of Hepliaklqana.
 12728 | Lair:3   | Found a runed translucent door.
 12806 | Lair:3   | Noticed a four-headed hydra
 12939 | Lair:3   | Noticed a lindwurm
 12946 | Lair:3   | Killed a lindwurm
 13209 | Lair:2   | Identified a +1 pair of boots of running (You found it on
                  | level 2 of the Lair of Beasts)
 13900 | Lair:4   | Found a dark tunnel.
 13949 | Volcano  | Entered a volcano
 14205 | Volcano  | Found a radiant altar of Vehumet.
 14205 | Volcano  | Noticed a two-headed ogre
 14205 | Volcano  | Noticed an ogre mage
 14205 | Volcano  | Noticed a two-headed ogre
 14205 | Volcano  | Noticed a two-headed ogre
 14248 | Volcano  | Killed a two-headed ogre
 14252 | Volcano  | Killed an ogre mage
 14252 | Volcano  | Killed a two-headed ogre
 14256 | Volcano  | Killed a two-headed ogre
 14256 | Volcano  | Reached skill level 9 in Dodging
 14256 | Volcano  | Reached XP level 12. HP: 65/101 MP: 25/25
 14268 | Volcano  | Noticed a red draconian
 14279 | Volcano  | Killed a red draconian
 14569 | Volcano  | Reached skill level 10 in Dodging
 14595 | Volcano  | Got a pair of slimy gloves
 14597 | Volcano  | Identified the -5 pair of gloves of Ifaimoyp {*Contam rPois
                  | rC+ SInv} (You found it in a volcano)
 15321 | Lair:5   | Noticed a catoblepas
 15640 | Lair:5   | Killed a catoblepas
 15780 | Lair:5   | Learned a level 1 spell: Summon Butterflies
 15821 | Lair:5   | Reached skill level 11 in Dodging
 16476 | Lair:5   | Found a basalt altar of Yredelemnul.
 17019 | Lair:6   | Entered Level 6 of the Lair of Beasts
 17206 | Lair:6   | Reached skill level 10 in Fighting
 17767 | Lair:6   | Found a staircase to the Slime Pits.
 17767 | Lair:6   | Found a viscous altar of Jiyva.
 17904 | Lair:6   | Learned a level 3 spell: Regeneration
 17908 | Lair:6   | Learned a level 3 spell: Conjure Flame
 17932 | Lair:6   | Reached XP level 13. HP: 106/115 MP: 26/26
 18566 | Lair:6   | Identified the cursed +0 falchion of Dithmenos's Hope
                  | {venom, +Blink rPois Int+2 Dex+4}
 18852 | Lair:6   | Reached skill level 1 in Necromancy
 19114 | Lair:3   | Noticed Rokoch's ghost (journeyman HOWn)
 19142 | Shoals:1 | Entered Level 1 of the Shoals
 19331 | Shoals:1 | Reached skill level 1 in Charms
 19399 | Shoals:1 | Noticed Louise
 19659 | Shoals:1 | Reached skill level 12 in Dodging
 21864 | D:14     | Noticed Rupert
 21900 | D:14     | Identified a scroll of acquirement
 21901 | D:14     | Got a translucent iron ring
 21902 | D:14     | Identified the ring "Funiharch" {rN+ Dex+3} (You acquired
                  | it on level 14 of the Dungeon)
 22033 | D:14     | Reached XP level 14. HP: 126/126 MP: 30/30
 22513 | D:15     | Entered Level 15 of the Dungeon
 23187 | D:14     | Found a gate to the Vaults.
 23246 | D:15     | Reached skill level 10 in Spellcasting
 23468 | D:15     | Found a staircase to the Depths.
 23810 | Orc:1    | Entered Level 1 of the Orcish Mines
 24017 | Orc:1    | Found a shimmering altar of Xom.
 24024 | Orc:1    | Found Nuitemuf's Gadget Shop.
 24640 | Shoals:2 | Reached skill level 13 in Dodging
 24916 | Shoals:3 | Noticed a kraken
 26100 | Snake:1  | Entered Level 1 of the Snake Pit
 26818 | Snake:1  | Reached skill level 5 in Hexes
 27090 | Snake:1  | Learned a level 6 spell: Invisibility
 27486 | Snake:1  | Reached XP level 15. HP: 131/132 MP: 29/33
 27790 | Snake:2  | Found Boekeomm's Distillery.
 27821 | Snake:2  | Found Gyhur's General Store.
 27859 | Snake:2  | Bought 2 potions of curing for 84 gold pieces
 27859 | Snake:2  | Bought a potion of lignification for 42 gold pieces
 27859 | Snake:2  | Bought a potion of heal wounds for 70 gold pieces
 27859 | Snake:2  | Bought a potion of curing for 42 gold pieces
 27859 | Snake:2  | Bought a potion of berserk rage for 70 gold pieces
 27859 | Snake:2  | Bought a potion of haste for 140 gold pieces
 27859 | Snake:2  | Bought a potion of heal wounds for 70 gold pieces
 27873 | Snake:2  | Bought a scroll of blinking for 90 gold pieces
 27886 | Snake:2  | Bought a potion of curing for 36 gold pieces
 29259 | Shoals:1 | Killed Louise
 30231 | Shoals:3 | Noticed Ilsuiw
 30718 | Orc:2    | Entered Level 2 of the Orcish Mines
 30729 | Orc:2    | Found a staircase to the Elven Halls.
 30749 | Orc:2    | Reached skill level 10 in Hexes
 30914 | Orc:2    | Found Hetix's General Store.
 31074 | Orc:2    | Bought a potion of curing for 36 gold pieces
 31165 | Orc:2    | Found Gataige's Antique Armour Shop.
 31166 | Orc:2    | Found Qocyeble's Distillery.
 31178 | Orc:2    | Found Mad Gocw's Book Boutique.
 31180 | Orc:2    | Found Qonyck's Food Boutique.
 31223 | Orc:2    | Bought a potion of curing for 36 gold pieces
 31223 | Orc:2    | Bought 2 potions of agility for 96 gold pieces
 31223 | Orc:2    | Bought a potion of heal wounds for 60 gold pieces
 31234 | Orc:2    | Learned a level 6 spell: Deflect Missiles
 31651 | Elf:1    | Entered Level 1 of the Elven Halls
 32433 | D:15     | Reached skill level 1 in Air Magic
 32619 | Depths:1 | Entered Level 1 of the Depths
 32974 | Depths:1 | Noticed a tengu reaver
 33110 | Depths:1 | Found a gateway to Hell.
 33419 | Depths:1 | Mangled by an ettin

Skill      XL: |  1  2  3  4  5  6  7  8  9 10 11 12 13 14 15 |
---------------+----------------------------------------------+-----
Fighting       | 2 3 4 6 8 10 12 | 12.9
Maces & Flails | 1 |  1.0
Spellcasting   | 1 2 3 4 6 8 10 | 10.2
Hexes          | 1 2 6 10 | 10.0
Stealth        | 2 3 4 5 8 |  8.0
Staves         | 1 |  1.7
Short Blades   | 1 7 |  7.3
Throwing       | 3 |  3.2
Dodging        | 7 8 9 11 12 13 | 13.8
Polearms       | 2 5 |  5.0
Transmutations | 4 |  4.0
Necromancy     | 1 2 |  2.2
Charms         | 1 |  1.2
Air Magic      | 1 |  1.4
Armour         | |  1.7
Conjurations   | |  0.6
Evocations     | |  1.1

Action                   |  1- 3 |  4- 6 |  7- 9 | 10-12 | 13-15 || total
-------------------------+-------+-------+-------+-------+-------++-------
Melee: Club              |   285 |   100 |       |       |       ||   385
       Quarterstaff      |       |    69 |       |       |       ||    69
       Rapier            |       |    81 |   251 |   520 |     4 ||   856
       Glaive            |       |       |    18 |   514 |  2156 ||  2688
Throw: Tomahawk          |       |       |    29 |    28 |    84 ||   141
 Cast: Confusing Touch   |     5 |    14 |    21 |   146 |   239 ||   425
       Regeneration      |       |       |       |       |   306 ||   306
       Conjure Flame     |       |       |       |       |    37 ||    37
       Summon Butterflie |       |       |       |       |     4 ||     4
       Invisibility      |       |       |       |       |    18 ||    18
       Ice Form          |       |       |       |       |     1 ||     1
 Abil: Evoke Berserk Rag |       |     1 |     1 |       |       ||     2
       End Transformatio |       |       |       |       |     1 ||     1
Evoke: Wand              |       |       |     8 |    18 |    95 ||   121
       Box of beasts     |       |       |       |     2 |     3 ||     5
  Use: Potion            |     1 |     4 |     4 |     5 |    21 ||    35
       Scroll            |       |     1 |     8 |    27 |    18 ||    54
 Stab: Sleeping          |     3 |     1 |     4 |     8 |    32 ||    48
       Confused          |     5 |    13 |    12 |    78 |    98 ||   206
       Paralysed         |       |       |     3 |       |     6 ||     9
       Distracted        |       |       |       |     1 |     2 ||     3
       Invisible         |       |       |       |     3 |    43 ||    46
       Petrifying        |       |       |       |     1 |       ||     1
       Petrified         |       |       |       |     1 |       ||     1
  Eat: Chunk             |     3 |     9 |    12 |    31 |    52 ||   107
       Ration            |       |       |       |     1 |     6 ||     7
Armor: Leather armour    |    93 |    64 |    80 |   136 |       ||   373
       Skin              |       |       |     7 |       |     7 ||    14
       Robe              |       |       |       |   206 |   633 ||   839
Dodge: Dodged            |   182 |   151 |   159 |   789 |  2598 ||  3879
       Deflected         |       |       |       |     3 |   110 ||   113
